 Dungeon Crawl Stone Soup version 0.27-a0-29-g2d0a2396b0 (webtiles) character file.

Game seed: 1783617088607659085

126 tilp the Sneak (level 5, -1/33 HPs)
             Began as an Octopode Transmuter on Jan 3, 2021.
             Was an Initiate of Gozag.
             Slain by an orc
             ... wielding a +0 whip
              (7 damage)
             ... on level 3 of the Dungeon.
             The game lasted 00:04:35 (2528 turns).

tilp the Sneak (Octopode Transmuter)                Turns: 2528, Time: 00:04:35

Health: -1/33      AC:  1    Str:  9    XL:     5   Next: 9%
Magic:  7/8        EV: 13    Int: 17    God:    Gozag
Gold:   217        SH:  0    Dex: 12    Spells: 2/8 levels left

rFire    . . .     SeeInvis .     - Unarmed
rCold    . . .     Faith    .   (no shield)
rNeg     . . .     Spirit   .   (helmet currently unavailable)
rPois    .         Reflect  .   (no amulet)
rElec    .         Harm     .   (no ring)
rCorr    .         Rampage  .   (no ring)
Will     .....                  (no ring)
Stlth    +++.......             (no ring)
HPRegen  0.11/turn              (no ring)
MPRegen  0.11/turn              (no ring)
                                (no ring)
                                (no ring)

@: appendages (expiring), gold aura
A: almost no armour, stealthy swim, amphibious, 8 rings, constrict 8, tentacle
spike 3, camouflage 1, gelatinous body 1
a: End Transformation, Renounce Religion, Potion Petition, Call Merchant, Bribe
Branch


You were on level 3 of the Dungeon.
You worshipped Gozag.
Gozag was aware of your devotion.
One of your tentacles had a temporary spike.
You visited 1 branch of the dungeon, and saw 3 of its levels.

You collected 238 gold pieces.
You paid 21 gold pieces to Gozag.

Inventory:

Missiles
 g - 81 stones (quivered)
Wands
 a - a wand of digging (1)
Scrolls
 d - 2 scrolls of fog {unknown}
 f - a scroll of remove curse {unknown}
 h - a scroll of amnesia {unknown}
 i - a scroll of teleportation {unknown}
 k - a scroll of torment {unknown}
 l - 2 scrolls of identify
 m - a scroll of enchant weapon {unknown}
Potions
 b - 2 potions of flight
 c - a potion of curing
 e - a potion of lignification
 j - a potion of brilliance {unknown}


   Skills:
 - Level 1.0 Fighting
 - Level 2.0 Dodging
 - Level 4.0 Stealth
 - Level 3.0 Unarmed Combat
 - Level 2.0 Spellcasting
 + Level 3.7 Transmutations
 - Level 2.0 Poison Magic


You had 2 spell levels left.
You knew the following spells:

 Your Spells              Type           Power        Failure   Level
a - Beastly Appendage     Tmut           28%          4%          1
b - Wereblood             Tmut           14%          6%          2
c - Spider Form           Tmut/Pois      5%           19%         3

Your spell library contained the following spells:

 Spells                   Type           Power        Failure   Level
 Ice Form                 Ice/Tmut       7%           65%         4
 Blade Hands              Tmut           7%           75%         5


Dungeon Overview and Level Annotations

Branches:
Dungeon (3/15)

Altars:
Gozag
Qazlal
Sif Muna
Zin


Innate Abilities, Weirdness & Mutations

You cannot wear most types of armour.
You are very stealthy in the water. (Stealth+)
You are amphibious.
You can wear up to eight rings at the same time.
You can use your tentacles to constrict eight enemies at once.
Your skin changes colour to match your surroundings (Stealth+).
Your rubbery body absorbs attacks. (AC +1, EV +1)
One of your tentacles bears a large vicious spike.


Message History

You tentacle-slap the orc priest. You grab the orc priest.
Your tentacle spike misses the orc priest.
The orc priest is severely wounded.
You constrict the orc, but do no damage.
You constrict the orc priest. The orc priest barely misses you.
Unknown command.
You tentacle-slap the orc priest.
The orc priest is almost dead.
You constrict the orc. You constrict the orc priest.
The orc hits you with a +0 flail.
* * * LOW HITPOINT WARNING * * *
The orc priest hits you with a +0 falchion.
* * * LOW HITPOINT WARNING * * *
You tentacle-slap the orc priest but do no damage.
You pierce the orc priest.
You kill the orc priest!
You constrict the orc, but do no damage.
The orc hits you with a +0 whip!
You die...
Your body crumbles into a pile of gold.

$ ...$.....#..
.........#.#
...........#
........... ..........
.........# #.#
.......o$# ##...#.
.......o@# .......
#######.## ######....#
###.)# #.........#
#..>.# ###..........
#....#####............
#.......)..#..........
#....#####............
########...######.....
#.....### ##....


You could see 2 orcs.

Vanquished Creatures
  An orc priest (D:3)
  Jessica (D:2)
  Robin (D:2)
  2 adders
  An ooze (D:2)
  5 dart slugs
  2 orcs (D:3)
  3 giant cockroaches
  11 goblins
  6 hobgoblins
  7 kobolds
  A quokka (D:3)
  7 bats
  3 frilled lizards
  4 rats
55 creatures vanquished.

Notes
Turn   | Place    | Note
-------+----------+-------------------------------------------
     0 | D:1      | tilp the Octopode Transmuter began the quest for the Orb.
     0 | D:1      | Reached XP level 1. HP: 13/13 MP: 3/3
    42 | D:1      | Reached skill level 1 in Stealth
   220 | D:1      | Reached skill level 2 in Stealth
   220 | D:1      | Reached XP level 2. HP: 18/18 MP: 3/5
   223 | D:1      | Learned a level 2 spell: Wereblood
   455 | D:1      | Reached skill level 3 in Stealth
   717 | D:1      | Reached XP level 3. HP: 23/23 MP: 2/6
   814 | D:1      | Reached skill level 4 in Stealth
   818 | D:1      | Learned a level 3 spell: Spider Form
  1152 | D:2      | Found an opulent altar of Gozag.
  1209 | D:2      | Found a stormy altar of Qazlal.
  1239 | D:2      | Reached skill level 1 in Poison Magic
  1532 | D:2      | Became a worshipper of Gozag Ym Sagoz the Greedy
  1743 | D:2      | Reached XP level 4. HP: 28/28 MP: 3/7
  1801 | D:2      | Noticed Robin
  1883 | D:2      | Killed Robin
  1936 | D:2      | Found a glowing silver altar of Zin.
  2056 | D:2      | Noticed Jessica
  2066 | D:2      | Killed Jessica
  2124 | D:2      | Found a shimmering blue altar of Sif Muna.
  2362 | D:3      | Reached XP level 5. HP: 33/33 MP: 6/8
  2517 | D:3      | HP: 1/33 [orc priest/divine providence (13)]
  2528 | D:3      | Slain by an orc

Illustrated notes

Levels and vault maps discovered:
D:1:      psy_arrival_terrarium, layout_basic
D:2:      layout_loops_ring, grunt_qazlal_sundering,
          pdpol_temple_overflow_zin_treasury_gozag_greed, lemuel_blue_sif_altar,
          corexii_item_surrounded_by_moat, minmay_misc_feat_room,
          minmay_door_square, st_stairs_10, minivault_5, uniq_jessica,
          uniq_robin
D:3:      layout_rooms

Skill      XL: |  1  2  3  4 |
---------------+-------------+-----
Stealth        | 2 3 4 |  4.0
Poison Magic   | 1 2 |  2.0
Transmutations | 3 |  3.7
Fighting       | |  1.0
Dodging        | |  2.0
Unarmed Combat | |  3.0
Spellcasting   | |  2.0

Action                   |  1- 3 |  4- 6 || total
-------------------------+-------+-------++-------
Melee: Unarmed           |    66 |    48 ||   114
       Kick              |    20 |    10 ||    30
       Constrict         |    20 |    13 ||    33
       Tentacles         |     8 |     6 ||    14
       Punch             |     1 |       ||     1
 Cast: Beastly Appendage |    23 |    11 ||    34
       Wereblood         |     4 |     1 ||     5
  Use: Scroll            |     3 |       ||     3
       Potion            |       |     2 ||     2
 Stab: Sleeping          |     6 |     2 ||     8
Armor: Skin              |     6 |     3 ||     9
Dodge: Dodged            |    36 |    30 ||    66

Table legend: (Time is in decaauts)
 A = Elapsed time spent in this place.
 B = Non-inter-level travel time spent in this place.
 C = Inter-level travel time spent in this place.
 D = Time resting spent in this place.
 E = Time spent auto-exploring this place.
 F = Levels seen in this place.
 G = Mean time per level.
                   A        B        C        D        E       F      G
               +--------+--------+--------+--------+--------+-----+--------+
         Total |   2527 |   2304 |    223 |    211 |   1591 |   3 |  842.3 |
       Dungeon |   2527 |   2304 |    223 |    211 |   1591 |   3 |  842.3 |
               +--------+--------+--------+--------+--------+-----+--------+

Top non-repeatable levels by time:
     D:2: 1302 daAuts
     D:1: 984 daAuts
     D:3: 240 daAuts
